Map: Catalyst LE

Players

Raze - Winner!

  • Race: Protoss Protoss
  • Spawn Location: 11:00

Blast

  • Race: Zerg Zerg
  • Spawn Location: 5:00

Event: WCS Austin 2018

VOD

Have the link to the VOD?

Description

Time

  • Played on: June 1, 2018, 3:13 p.m.
  • Length: 7:47

All games in this series

Show
View Real Time Build Order
Export as new Build Order

Raze Protoss - Winner!

Build Orders: 1 Gate Expand, Oracle Opening, Phoenix Opening 

Get SALT Encoding   

  12  0:00  Probe  
  13  0:12  Probe  
  14  0:18  Pylon  
  14  0:23  Probe  
  15  0:32  Probe  
  15  0:38  Gateway  
  15  0:40  Probe  
  16  0:47  Assimilator  
  17  0:51  Probe  
  18  1:03  Probe  
  19  1:15  Probe  
  20  1:26  Nexus  
  20  1:36  Cybernetics Core  
  20  1:40  Probe  
  20  1:45  Assimilator  
  21  1:52  Probe  
  22  1:54  Pylon  
  22  2:02  Probe  
  22  2:04  Adept  
  23  2:10  Probe  
  26  2:18  Probe  
  26  2:19  Stargate  
  27  2:24  Adept  
  27  2:26  Warp Gate  
  27  2:34  Probe  
  30  2:39  Probe  
  31  2:46  Probe  
  31  2:50  Adept  
  33  2:51  Probe  
  33  2:57  Phoenix  
  33  2:58  Probe  
  36  3:03  Probe  
  37  3:10  Probe  
  40  3:15  Probe  
  41  3:21  Twilight Council  
  41  3:23  Probe  
  42  3:27  Probe  
  43  3:35  Probe  
  43  3:36  Pylon  
  43  3:39  Probe  
  43  3:40  Resonating Glaives  
  45  3:42  Gateway  
  45  3:43  Gateway  
  45  3:47  Probe  
  46  3:52  Pylon  
  46  3:54  Oracle  
  46  3:55  Probe  
  50  3:59  Probe  
  51  4:07  Probe  
  54  4:10  Pylon  
  54  4:11  Probe  
  53  4:17  Assimilator  
  53  4:20  Assimilator, Probe  
  53  4:23  Probe  
  55  4:33  Robotics Facility  
  54  4:41  Adept x3  
  54  4:44  Probe x2  
  60  5:01  Nexus  
  60  5:02  Pylon  
  60  5:03  Adept x3  
  66  5:11  Immortal  
  70  5:24  Adept  
  70  5:25  Adept x2  
  76  5:32  Probe x2  
  78  5:37  Pylon  
  78  5:39  Charge  
  77  6:00  Adept  
  77  6:07  Pylon  
  77  6:09  Pylon  
  77  6:10  Pylon  
  77  6:27  Immortal  
  77  6:31  Adept x3  
  83  6:33  Nexus  
  83  6:35  Pylon  
  83  6:36  Gateway  
  83  6:39  Gateway x2  
  77  6:53  Adept x3  
  83  6:54  Probe  
  83  6:55  Probe  
  83  6:58  Pylon  
  79  7:03  Gateway  
  79  7:06  Gateway  
  79  7:08  Warp Prism  
  75  7:13  Probe x2  
  75  7:15  Adept x3  
  85  7:25  Probe x2  
  85  7:26  Pylon  
  87  7:30  Forge  
  87  7:36  Adept x4  
  95  7:38  Sentry  
Show
View Real Time Build Order
Export as new Build Order

Blast Zerg 

Build Orders: Hatch First 

Get SALT Encoding   

  12  0:01  Drone  
  13  0:13  Overlord  
  13  0:17  Drone  
  14  0:31  Drone x2  
  16  0:36  Drone  
  17  0:58  Hatchery  
  17  0:59  Drone x2  
  17  1:01  Extractor  
  17  1:15  Spawning Pool  
  17  1:17  Drone  
  17  1:30  Drone x2  
  19  1:42  Overlord  
  19  2:03  Queen, Metabolic Boost  
  19  2:04  Zergling x2  
  19  2:05  Zergling x2  
  23  2:12  Drone x2  
  23  2:13  Queen  
  27  2:21  Drone  
  28  2:28  Drone  
  29  2:42  Drone  
  30  2:44  Hatchery  
  30  2:47  Pneumatized Carapace  
  29  2:53  Drone x2  
  31  3:07  Drone x2  
  31  3:08  Overlord  
  31  3:10  Drone x2  
  35  3:14  Drone  
  33  3:32  Spore Crawler x2  
  33  3:33  Drone x5  
  36  3:38  Evolution Chamber  
  35  3:50  Zergling x8  
  35  3:51  Zergling x6  
  35  3:54  Extractor  
  41  4:00  Zergling x2  
  42  4:03  Overlord  
  42  4:04  Overlord  
  42  4:13  Baneling Nest  
  42  4:15  Overlord  
  42  4:16  Overlord  
  41  4:18  Drone  
  42  4:25  Drone x4  
  46  4:31  Lair  
  45  4:42  Drone x4  
  45  4:43  Drone  
  48  4:47  Drone x2  
  48  4:48  Drone  
  51  4:53  Drone  
  51  4:56  Zerg Missile Weapons Level 1  
  51  4:59  Zergling x4, Extractor  
  53  5:03  Spore Crawler  
  51  5:09  Overlord  
  51  5:13  Overlord x2  
  50  5:14  Drone  
  50  5:15  Drone  
  52  5:29  Drone x4  
  52  5:30  Drone x3  
  52  5:31  Drone  
  60  5:35  Hydralisk Den  
  60  5:36  Queen  
  61  5:43  Zergling x8  
  61  5:45  Zergling x4  
  67  6:03  Baneling x2  
  67  6:04  Baneling x2  
  65  6:10  Zergling x12  
  65  6:11  Zergling x4  
  70  6:12  Baneling x2  
  64  6:32  Zergling x16  
  63  6:34  Zergling x2  
  54  6:43  Zergling x4  
  26  7:17  Drone x2  
  28  7:28  Drone x3  
  31  7:34  Drone x2  
Tags
 
Add a new tag
Caveats
  • Supply blocks, unpowered buildings, or Contaminate may cause inaccurate times.
  • Supply counts are checked every 10 seconds.